AoeStats
← RaBsarge

Coastal Forest

510828383Analyzed
4v4 RM · 13h ago on Oct 2, 2026· 71m 35s· 8 players
Game mode
Random Map
Map size
Large (8 player)
Population
200
Speed
Normal
Resources
Standard
Victory
Conquest
Starting age
Dark Age
Ending age
Imperial Age
RankedLock teamsTeams togetherTeam positionsShared explorationLock speedFull tech treeHidden civsTurbo modeCheats
Victory
Defeat
🇭🇰 Persians · Hong Kong SAR China
860
+17
🇨🇱 Gurjaras · Chile
848
+17
🇹🇷 Chinese · Türkiye
832
+18
🇨🇿 Spanish · Czechia
801
+19
🇹🇷 Saracens · Türkiye
963
-22
🇹🇷 Inca · Türkiye
955
-21
🇹🇷 Chinese · Türkiye
916
-19
🇹🇷 Persians · Türkiye
661
-9
parla
0:52 Loom
11:54 Feudal Age
14:23 Man-at-Arms
16:55 Double-Bit Axe
21:47 Padded Archer Armor
29:01 Castle Age
29:06 Crossbowman
29:53 Thumb Ring
36:12 Wheelbarrow
40:54 Bow Saw
46:16 Gold Mining
47:25 Stone Mining
51:31 Gold Shaft Mining
54:50 Imperial Age
52:12 Town Watch
53:45 Hand Cart
53:21 Horse Collar
54:57 Arbalester
55:47 Arrowslits
56:06 Town Patrol
56:17 Heavy Plow
57:56 Leather Archer Armor
57:32 Fletching
60:28 Two-Man Saw
61:37 Ring Archer Armor
61:02 Bodkin Arrow
64:21 Bracer
67:19 Conscription
67:46 Caravan
69:49 Elite Skirmisher
Bakumian
11:10 Feudal Age
12:07 Double-Bit Axe
17:33 Forging
18:30 Horse Collar
24:24 Castle Age
25:24 Scale Mail Armor
25:32 Scale Barding Armor
25:44 Light Cavalry
27:11 Iron Casting
31:44 Bloodlines
32:47 Gold Mining
32:48 Stone Mining
36:13 Chain Barding Armor
37:17 Heavy Plow
38:57 Wheelbarrow
40:08 Hand Cart
46:44 Imperial Age
46:26 Husbandry
47:05 Bow Saw
46:50 Hussar
48:47 Plate Barding Armor
48:13 Padded Archer Armor
48:03 Fletching
48:26 Elite Elephant Archer
52:18 Bodkin Arrow
52:39 Leather Archer Armor
57:38 Ballistics
58:18 Chemistry
57:31 Fortified Wall
57:43 Frontier Guards
59:47 Town Watch
61:53 Bracer
65:16 Caravan
68:35 Loom
69:19 Thumb Ring
RaBsarge
12:18 Feudal Age
11:43 Loom
15:25 Bloodlines
16:33 Scale Barding Armor
20:44 Castle Age
22:04 Double-Bit Axe
23:11 Horse Collar
25:41 Chain Barding Armor
25:36 Forging
25:18 Fletching
25:55 Town Watch
28:31 Wheelbarrow
33:48 Imperial Age
31:09 Fishing Lines
36:56 Bow Saw
37:36 Heavy Plow
38:26 Plate Barding Armor
39:48 Hand Cart
40:37 Ballistics
40:13 Murder Holes
42:38 Elite Conquistador
45:25 Iron Casting
44:45 Bodkin Arrow
48:30 Town Patrol
48:19 Elite Skirmisher
50:12 Thumb Ring
51:44 Pikeman
52:24 Squires
54:02 Halberdier
62:05 Blast Furnace
61:06 Scale Mail Armor
61:07 Bracer
61:07 Padded Archer Armor
64:41 Conscription
67:51 Onager
71:41 Leather Archer Armor
71:42 Chain Mail Armor
triplefives
5:46 Loom
11:34 Feudal Age
12:47 Wheelbarrow
12:48 Double-Bit Axe
13:31 Gold Mining
16:48 Forging
16:44 Scale Barding Armor
19:18 Bloodlines
19:28 Horse Collar
23:54 Castle Age
22:11 Stone Mining
23:12 Fletching
23:23 Scale Mail Armor
24:36 Bodkin Arrow
25:18 Iron Casting
25:03 Chain Barding Armor
25:29 Heavy Plow
26:30 Stone Shaft Mining
27:46 Bow Saw
28:12 Hand Cart
27:56 Fishing Lines
28:57 Husbandry
29:38 Gillnets
31:05 Murder Holes
31:32 Masonry
37:54 Imperial Age
37:35 Padded Archer Armor
38:26 Citadels
38:37 Conscription
39:02 Gold Shaft Mining
39:43 Two-Man Saw
38:12 Crossbowman
38:58 Thumb Ring
39:30 Chain Barding Armor
40:10 Blast Furnace
39:29 Kamandaran
44:42 Leather Archer Armor
45:30 Hoardings
47:34 Heavy Camel Rider
48:36 Elite War Elephant
51:38 Cavalier
59:34 Ballistics
60:14 Chemistry
59:45 Architecture
59:29 Caravan
60:24 Onager
65:27 Elite Skirmisher
67:52 Plate Barding Armor
67:49 Ring Archer Armor
67:35 Chain Mail Armor
RainyNight
10:17 Feudal Age
9:22 Loom
10:41 Champi Runner
11:23 Double-Bit Axe
14:36 Wheelbarrow
15:36 Arson
19:55 Scale Mail Armor
21:32 Forging
25:01 Castle Age
23:07 Fletching
25:45 Squires
26:41 Champi Warrior
32:41 Pikeman
36:01 Bow Saw
35:36 Horse Collar
38:07 Hand Cart
38:46 Chain Mail Armor
39:53 Gold Mining
40:38 Heavy Plow
42:29 Iron Casting
49:11 Imperial Age
51:07 Elite Champi Warrior
61:55 Caravan
Silver Light
11:25 Feudal Age
9:41 Loom
19:41 Castle Age
18:26 Stone Mining
18:27 Gold Mining
18:32 Double-Bit Axe
29:06 Imperial Age
27:12 Ballistics
26:59 Fletching
27:11 Padded Archer Armor
29:41 Thumb Ring
29:33 Bodkin Arrow
30:09 Leather Archer Armor
29:43 Pikeman
31:07 Murder Holes
33:43 Bracer
34:14 Ring Archer Armor
34:57 Wheelbarrow
35:11 Squires
35:11 Horse Collar
38:56 Chemistry
41:56 Elite Chu Ko Nu
43:05 Hand Cart
43:24 Guard Tower
47:49 Stone Shaft Mining
47:51 Gold Shaft Mining
49:11 Arrowslits
61:16 Keep
66:33 Bombard Tower
castle_master
9:44 Loom
12:58 Feudal Age
14:26 Wheelbarrow
14:48 Horse Collar
15:44 Double-Bit Axe
19:45 Gold Mining
19:46 Stone Mining
20:24 Man-at-Arms
24:09 Arson
28:57 Castle Age
28:02 Forging
27:52 Scale Mail Armor
27:58 Scale Barding Armor
30:16 Hand Cart
30:40 Gold Shaft Mining
30:40 Stone Shaft Mining
30:14 Husbandry
30:41 Bow Saw
32:00 Heavy Plow
34:21 Squires
40:09 Coinage
39:39 Caravan
45:33 Kamandaran
51:12 Iron Casting
50:52 Chain Mail Armor
51:24 Chain Mail Armor
51:29 Chain Barding Armor
55:06 Masonry
54:52 Murder Holes
67:18 Imperial Age
67:44 Cavalier
69:52 Banking
69:32 Guilds
70:27 Blast Furnace
69:57 Plate Mail Armor
70:08 Plate Barding Armor
BigHope
11:10 Feudal Age
13:57 Stone Mining
17:55 Castle Age
16:00 Double-Bit Axe
16:02 Horse Collar
16:37 Gold Mining
16:59 Fletching
19:08 Pikeman
20:07 Loom
21:37 Gold Shaft Mining
21:37 Squires
22:46 Gambesons
23:04 Scale Mail Armor
32:25 Forging
32:20 Scale Barding Armor
34:39 Wheelbarrow
36:05 Heavy Plow
36:17 Bow Saw
37:05 Iron Casting
36:50 Hand Cart
37:07 Bow Saw
38:17 Town Watch
40:49 Chain Barding Armor
40:59 Bodkin Arrow
46:27 Imperial Age
48:01 Conscription
48:51 Two-Man Saw
48:59 Blast Furnace
49:16 Elite Mameluke
58:12 Plate Barding Armor
Connection lost

Rejoining the realm…

Still unreachable

The connection could not be restored.

Session expired

The server has moved on; the page needs a fresh start.